[Event "*** SCC Grand Prix: Titled Tuesday Blitz"]
[Site "Chess.com"]
[Date "2020.08.25"]
[Round "8"]
[White "Zarinur"]
[Black "Karina_Ivanova"]
[Result "1-0"]
[WhiteElo "2144"]
[BlackElo "2241"]
[TimeControl "180+1"]
[EndTime "11:38:00 PDT"]
[Termination "Zarinur won on time"]

1. e4 c6 2. d4 d5 3. exd5 cxd5 4. Bd3 Nc6 5. c3 Nf6 6. Bf4 g6 7. Nf3 Bg7 8. Nbd2 Bf5 9. Be2 O-O 10. O-O a6 11. h3 b5 12. Ne5 Qb6 13. Ndf3 Nd7 14. Nxd7 Bxd7 15. Qd2 Rfc8 16. Bh6 Bh8 17. Qf4 Qc7 18.
Qh4 f6 19. Bd3 e5 20. dxe5 fxe5 21. Ng5 Be8 22. Rad1 Qe7 23. Be2 Bf6 24. Bg4 Rd8 25.
f4 e4 26. Qg3 Bd7 27. Bxd7 Rxd7 28. Kh1 e3 29. Rfe1 Re8 30. Re2 d4 31. Rde1 Bg7 32. cxd4 Bxh6 33. Rxe3 Qxe3 34. Rxe3 Rxe3 35. Qxe3 Re7 36.
Qb3+ Kf8 37. Ne6+ Ke8 38. d5 Nd4 39. Qg3 Nxe6 40. dxe6 Rxe6 41. Qd3 Bg7 42. Kh2 Ke7 43. Qd5 Rd6 44. Qb7+ Kf6 45. Qe4 Kf7 46. Qf3 Bf8 47.
Kg3 Be7 48. Qb3+ Kg7 49. a4 bxa4 50. Qxa4 Rf6 51. Kh2 Kf8 52. Qe4 Bd6 53. g3 h5 54.
b4 Kg7 55. Qd4 Kf7 56. Qc4+ Ke7 57. Qxa6 Bxf4 58. Qb7+ Ke6 59. gxf4 Kf5 60. Qd5+ Kxf4 61. Qd4+ Kg5 62. b5 Rb6 63. Qxb6 1-0

[Event "*** SCC Grand Prix: Titled Tuesday Blitz"]
[Site "Chess.com"]
[Date "2020.08.25"]
[Round "8"]
[White "ChessWarrior7197"]
[Black "BocharovD"]
[Result "0-1"]
[WhiteElo "2917"]
[BlackElo "2745"]
[TimeControl "180+1"]
[EndTime "11:38:11 PDT"]
[Termination "BocharovD won by checkmate"]

1. e4 c5 2. Nf3 e6 3. g3 Nc6 4. Bg2 Nf6 5. Nc3 Be7 6. O-O d6 7. d4 cxd4 8. Nxd4 O-O 9. Nxc6 bxc6 10. Na4 Qc7 11. c4 Bb7 12. Nc3 c5 13. Bf4 a6 14.
Qe2 Nd7 15. Rad1 Ne5 16. Be3 Nc6 17. f4 Rfd8 18. f5 Bf6 19. Qd2 Ne5 20. b3 Ng4 21. fxe6 fxe6 22. Bg5 Bd4+ 23. Kh1 Rf8 24. Bf3 Ne5 25.
Bg2 h6 26. Bf4 Nc6 27. Be3 Bxe3 28. Qxe3 Nd4 29. e5 dxe5 30. Bxb7 Qxb7+ 31. Qe4 Qc7 32. Kg2 Rad8 33. Qg6 Qe7 34. Qg4 Rf5 35. Rxf5 exf5 36. Qg6 Qf6 37. Qh5 f4 38. Nd5 f3+ 39.
Kf2 Qe6 40. Re1 e4 41. Nf4 Qe8 42. Qxc5 Nc2 43. Nd5 Nxe1 44. Kxe1 Kh8 45. Kf2 Qe5 46. Ke3 Qb2 47. Kf4 f2 48. Ne3 Qe2 49. Qe7 f1=Q+ 50. Ke5 Qf8 51. Qh4 Re8+ 52. Kd5 Qxe3 53. Kc6 Qd3 54. Kb7 Qfd6 55. Qh5 Qd7+ 56. Kb6 Q3d6+ 57. Ka5 Qb7 58. Qxe8+ Kh7 59. a3 Qbb6+ 60. Ka4 Qdc6+ 61. Qxc6 Qxc6+ 62. Ka5 e3 63. b4 Qc7+ 64. Kxa6 e2 65. b5 e1=Q 66. b6 Qc6 67. a4 Qb1 68.
a5 Qb4 69. c5 Qa8# 0-1

[Event "*** SCC Grand Prix: Titled Tuesday Blitz"]
[Site "Chess.com"]
[Date "2020.08.25"]
[Round "8"]
[White "elcandado"]
[Black "Keures"]
[Result "0-1"]
[WhiteElo "2476"]
[BlackElo "2301"]
[TimeControl "180+1"]
[EndTime "11:38:11 PDT"]
[Termination "Keures won on time"]

1. d4 Nf6 2. Bf4 e6 3. e3 Bd6 4.
Bg3 Bxg3 5. hxg3 d5 6. Bd3 c5 7. c3 Qb6 8. b3 Bd7 9. Nf3 Bb5 10.
O-O Bxd3 11. Qxd3 O-O 12. Nbd2 Nc6 13. Ne5 cxd4 14. cxd4 Nxe5 15. dxe5 Ng4 16. Qd4 Qxd4 17. exd4 Rfc8 18. Rfc1 Nh6 19. Kf1 Nf5 20. Nf3 h5 21. Ke2 Kf8 22. Kd3 Ke7 23. Rc5 b6 24. Rcc1 f6 25. Rh1 Rc6 26. Rac1 Rxc1 27. Rxc1 Kd7 28.
Rh1 Rc8 29. Kd2 Rh8 30. g4 hxg4 31. Rxh8 gxf3 32. gxf3 Nxd4 33. exf6 gxf6 34. Rh7+ Kd6 35. Rxa7 Nxf3+ 36. Ke3 Ne5 37. Rb7 Kc6 38. Re7 Kd6 39. Re8 Kd7 40. Rf8 f5 41. f4 Nc6 42.
a3 Na5 43. b4 Nc4+ 44. Kd4 Nxa3 45. Ra8 Nc4 46. Rh8 Kd6 47. Rh7 Kc6 48. Re7 Kd6 49.
Re8 Na3 50. Rd8+ Kc7 51. Rh8 Kd6 52. Rb8 Nc4 53. Rh8 Kc6 54. Rh6 Kd7 55. Rg6 Kd6 56.
Rg7 Kc6 57. Rh7 Nd6 58. Ke5 Nb5 59. Kxe6 d4 60. Kxf5 d3 61. Kg6 Kd5 62. f5 Kc4 63. f6 Nd4 64. Rh1 Kxb4 65. f7 Ne6 66.
Kf6 Nf8 67. Ke7 Ng6+ 68. Kf6 Nf8 69. Kg7 Nd7 70. Kg8 Kc3 71. Kg7 b5 0-1

[Event "*** SCC Grand Prix: Titled Tuesday Blitz"]
[Site "Chess.com"]
[Date "2020.08.25"]
[Round "8"]
[White "Smascher17"]
[Black "Sacbutt"]
[Result "0-1"]
[WhiteElo "2356"]
[BlackElo "2213"]
[TimeControl "180+1"]
[EndTime "11:38:37 PDT"]
[Termination "Sacbutt won by checkmate"]

1. e4 c5 2. Nf3 d6 3. d4 cxd4 4. Nxd4 Nf6 5. Nc3 a6 6. Bg5 e6 7. f4 Be7 8. Qf3 Nbd7 9. O-O-O Qc7 10. f5 e5 11. Nde2 b5 12. Bxf6 Nxf6 13. Nd5 Nxd5 14. exd5 Bb7 15. Ng3 O-O-O 16. Bd3 Qc5 17. Be4 Kb8 18.
h4 Rc8 19. Kb1 g6 20. f6 Bd8 21. h5 Bb6 22. c3 a5 23. Ne2 Ba6 24. g4 b4 25. cxb4 Qxb4 26. hxg6 hxg6 27. g5 Rxh1 28. Rxh1 Qd2 29. Nc3 Qxg5 30. a3 Qd2 31. Rd1 Qe3 32.
Qxe3 Bxe3 33. Rh1 Bg5 34. Rh7 Rc7 35. Rh8+ Kb7 36. Rh2 Bxf6 37. Rg2 Bd8 38. Bc2 Bc4 39. b3 Bxb3 40. Bxb3 Rxc3 41. Kb2 Rf3 42. Bd1 Rf4 43. Kb3 Bb6 44. Bc2 Rf3+ 45. Kb2 Rf2 46. Rg4 Rf4 47.
Rg2 Bd4+ 48. Kb3 Kb6 49. Bd3 Rf3 50. Kc4 Bc5 51. a4 Bb4 52. Rc2 Rf4+ 53. Kb3 Bc5 54. Rg2 Rb4+ 55. Kc2 Rxa4 56. Kb3 Ra3+ 57. Kc4 Ra4+ 58.
Kc3 Rf4 59. Rb2+ Kc7 60. Rh2 e4 61. Bc4 e3 62. Rh7 Rf2 63. Rh1 a4 64. Rb1 a3 65. Ba6 e2 66. Rb7+ Kd8 67. Bxe2 Rxe2 68. Rxf7 a2 69. Rf8+ Ke7 70. Rf1 g5 71. Kb3 g4 72.
Kc3 g3 73. Kb3 g2 74. Rg1 Bxg1 75. Kc4 Bc5 76. Kd3 Re3+ 77. Kc4 Rg3 78. Kb5 Kf6 79.
Kc6 Ke5 80. Kd7 g1=Q 81. Kc6 Qf2 82. Kc7 Qe2 83. Kc6 Qe4 84. Kc7 Qxd5 85. Kc8 Rg8+ 86.
Kc7 Rg7+ 87. Kd8 Qg8# 0-1

[Event "*** SCC Grand Prix: Titled Tuesday Blitz"]
[Site "Chess.com"]
[Date "2020.08.25"]
[Round "8"]
[White "MFBerna"]
[Black "Shubinkirill2003"]
[Result "1/2-1/2"]
[WhiteElo "2454"]
[BlackElo "2641"]
[TimeControl "180+1"]
[EndTime "11:39:00 PDT"]
[Termination "Game drawn by repetition"]

1. e4 e6 2. d4 d5 3. Nd2 Be7 4.
Ngf3 Nf6 5. Bd3 c5 6. exd5 exd5 7.
O-O c4 8. Be2 O-O 9. c3 Nc6 10.
Re1 Bd6 11. Nf1 Ne4 12. Ng3 f5 13. Qc2 Qf6 14. b3 b5 15. a4 b4 16. bxc4 Nxc3 17. Bg5 Nxd4 18. Qxc3 Nxe2+ 19. Nxe2 Qxc3 20. Nxc3 bxc3 21. cxd5 Bb7 22. Be7 Bxe7 23. Rxe7 Bxd5 24. Nd4 Rac8 25. Rc1 Rf7 26. Re5 Be4 27. f3 Rd7 28. Ne2 Rd2 29. Nxc3 Bd3 30. Rd5 h5 31. h4 Rb8 32.
Rd1 Rxd1+ 33. Nxd1 Bc2 34. Nc3 Rc8 35. Nb5 a6 36. Nd6 Rd8 37. Nxf5 Rxd5 38. Ne7+ Kf7 39. Nxd5 Bxa4 40. Kf2 Bc6 41. Nb4 Bb7 42. Nd3 a5 43.
Nc5 Bc6 44. g4 hxg4 45. fxg4 a4 46. Kg3 a3 47. Nb3 Ba4 48. Na1 Kf6 49. Kf4 Bd1 50. g5+ Kg6 51. Kg3 Kh5 52. Kh3 Ba4 53. Kg3 Bd7 54. Nc2 Be6 55. Nxa3 Bd7 56. Nc4 Bf5 57. Ne5 Be6 58. Nf3 Bf5 59. Nd4 Bg4 60. Nc6 Bd7 61.
Ne5 Bf5 62. Nf3 Bg4 63. Nh2 Bf5 64. Nf1 Bg4 65. Ne3 Be6 66. Ng2 Kg6 67. Nf4+ Kf5 68. Nh5 g6 69. Nf4 Ke5 70. Nxg6+ Kf5 71. Nf4 Bf7 72.
Nd3 Bh5 73. Nf2 Bf7 74. Ng4 Be6 75. Ne3+ Kg6 76. Kf4 Kh5 77. Nf5 Bd7 78. Ng3+ Kg6 79. Ne4 Kh5 80. Kg3 Kg6 81. Kf4 Bc6 82. Nf6 Ba4 83.
h5+ Kf7 84. h6 Bd1 85. Ne4 Bc2 86. Nd6+ Kg6 87. Nc4 Bb1 88. Ne5+ Kh7 89. Ng4 Kg6 90. Nf6 Kf7 91. Nd7 Kg6 92. Ne5+ Kh7 93. Kg3 Bc2 94. Kf4 Bb1 1/2-1/2

[Event "*** SCC Grand Prix: Titled Tuesday Blitz"]
[Site "Chess.com"]
[Date "2020.08.25"]
[Round "8"]
[White "Bastiandash"]
[Black "Siniauski"]
[Result "0-1"]
[WhiteElo "2385"]
[BlackElo "2521"]
[TimeControl "180+1"]
[EndTime "11:39:10 PDT"]
[Termination "Siniauski won by resignation"]

1. e4 e6 2. d4 d5 3. exd5 exd5 4. Bd3 Nc6 5. Nf3 Bd6 6. O-O Nge7 7. Bg5 f6 8. Bh4 Bg4 9. c3 Qd7 10. Nbd2 O-O 11.
Re1 Rae8 12. Qc2 Bf5 13. Bg3 Bxg3 14. hxg3 Bxd3 15. Qxd3 Qf5 16. Qb5 Nd8 17. Nf1 c6 18. Qc5 Nc8 19. Ne3 Qd7 20. g4 b6 21. Qa3 Qd6 22.
Qb3 Qf4 23. c4 dxc4 24. Qxc4+ Kh8 25. Nh4 Nd6 26. Qd3 Ne6 27. d5 Nc5 28. Qd1 cxd5 29.
Nxd5 Rxe1+ 30. Qxe1 Qxg4 31. Qe7 Re8 32. Qxd6 Qxh4 33. Nc7 Rg8 34. Re1 f5 35. Qd2 Ne4 36. Qe3 Qd8 37. Ne6 Qd6 38. Nf4 Rd8 39. f3 Nf6 40. Re2 h6 41. Ng6+ Kh7 42. Nh4 Qd1+ 43. Re1 Qd4 44. Nxf5 Qxe3+ 45. Rxe3 Kg6 46. Ne7+ Kf7 47.
Nf5 Rd2 48. Re7+ Kg6 49. g4 Kg5 50. Ne3 Rxb2 51. Ng2 Kg6 52. Nh4+ Kh7 53. Nf5 Kh8 54. Rxg7 Nd5 55. Rxa7 Nf4 56. Ra8+ Kh7 57. Ra7+ Kg6 58.
Rg7+ Kf6 59. Rb7 Nh3+ 60. Kf1 Ng5 61. a4 Ke5 62. Re7+ Kf4 63. Nd4 Nh3 64. Ke1 Ng1 65.
Re4+ Kg3 66. Ne2+ Nxe2 67. Rxe2 Rb1+ 68. Kd2 Kxf3 69. Re3+ Kxg4 70. Re6 h5 71. a5 bxa5 72. Ke2 h4 73. Rg6+ Kh3 74. Rg5 a4 75. Kf2 Rb4 76. Ra5 Rf4+ 77. Kg1 Kg3 78. Ra8 h3 79. Rg8+ Kf3 80. Ra8 Rh4 81. Kh2 Ke3 82. Re8+ Kd3 83.
Rd8+ Kc3 84. Rc8+ Kb3 85. Rb8+ Rb4 86. Rf8 a3 87. Rf3+ Ka4 88. Rf8 a2 89. Ra8+ Kb3 90. Kxh3 Ra4 91. Rb8+ Kc4 92. Rc8+ Kd5 93. Rd8+ Ke6 94.
Re8+ Kd7 95. Ra8 Rxa8 0-1

[Event "*** SCC Grand Prix: Titled Tuesday Blitz"]
[Site "Chess.com"]
[Date "2020.08.25"]
[Round "9"]
[White "larisakalinina"]
[Black "BanjoKazooieN64"]
[Result "0-1"]
[WhiteElo "1965"]
[BlackElo "2348"]
[TimeControl "180+1"]
[EndTime "11:41:53 PDT"]
[Termination "BanjoKazooieN64 won by resignation"]

1. e4 e5 2. Nf3 Nc6 3. d4 exd4 4.
Nxd4 Bc5 5. Be3 Bb6 6. g3 Nf6 7. Bg2 O-O 8. O-O d5 9. Nxc6 bxc6 10. Bxb6 axb6 11. e5 Ng4 12. Re1 Re8 13. f4 Qe7 14. h3 Qc5+ 0-1

[Event "*** SCC Grand Prix: Titled Tuesday Blitz"]
[Site "Chess.com"]
[Date "2020.08.25"]
[Round "9"]
[White "dolynachess"]
[Black "tk22h"]
[Result "1-0"]
[WhiteElo "2430"]
[BlackElo "2293"]
[TimeControl "180+1"]
[EndTime "11:42:09 PDT"]
[Termination "dolynachess won by resignation"]

1. d4 Nf6 2. c4 c5 3. Nf3 cxd4 4.
Nxd4 Nc6 5. g3 e6 6. Bg2 a6 7. O-O Qc7 8. Nc3 Be7 9. b3 d6 10. Bb2 Bd7 11. Rc1 O-O 12. Nd5 exd5 13. cxd5 Rac8 14. dxc6 bxc6 15. Nxc6 Bxc6 16. Rxc6 Qd7 17. Rxa6 Rfd8 18. Qd2 d5 19. Rd1 Rc6 20. Rxc6 Qxc6 21. Bxf6 Bxf6 22. Bxd5 Qc8 23. Kg2 1-0

[Event "*** SCC Grand Prix: Titled Tuesday Blitz"]
[Site "Chess.com"]
[Date "2020.08.25"]
[Round "9"]
[White "ChainsOfFantasia"]
[Black "boasovietica"]
[Result "0-1"]
[WhiteElo "2479"]
[BlackElo "2403"]
[TimeControl "180+1"]
[EndTime "11:42:12 PDT"]
[Termination "boasovietica won by resignation"]

1. c4 c5 2. Nf3 Nc6 3. Nc3 e5 4. e3 Nf6 5. d4 cxd4 6. exd4 e4 7.
Ng5 Bb4 8. d5 Ne5 9. Qd4 d6 10.
Qxe4 Nxe4 0-1

[Event "*** SCC Grand Prix: Titled Tuesday Blitz"]
[Site "Chess.com"]
[Date "2020.08.25"]
[Round "9"]
[White "labdalla"]
[Black "JozefKneht"]
[Result "1-0"]
[WhiteElo "2281"]
[BlackElo "2432"]
[TimeControl "180+1"]
[EndTime "11:42:35 PDT"]
[Termination "labdalla won by resignation"]

1. d4 d5 2. c4 e6 3. Nf3 Nf6 4. Nc3 Be7 5. Bf4 O-O 6. e3 dxc4 7. Bxc4 c5 8. O-O Nc6 9. Qe2 cxd4 10. Rad1 Bd7 11.
exd4 Nb4 12. d5 exd5 13. Nxd5 Nbxd5 14. Bxd5 Nxd5 15. Rxd5 Re8 16. Qd2 1-0

[Event "*** SCC Grand Prix: Titled Tuesday Blitz"]
[Site "Chess.com"]
[Date "2020.08.25"]
[Round "9"]
[White "pavelalexandru07"]
[Black "j2806"]
[Result "1-0"]
[WhiteElo "2187"]
[BlackElo "2029"]
[TimeControl "180+1"]
[EndTime "11:43:23 PDT"]
[Termination "pavelalexandru07 won by resignation"]

1. e4 c5 2. Nf3 d6 3. d4 cxd4 4. Nxd4 Nf6 5. Nc3 a6 6. Bg5 e5 7.
Nf5 h6 8. Bxf6 Qxf6 9. Ne3 Be6 10. Be2 Nd7 11. O-O b5 12. a4 bxa4 13. Rxa4 Nb6 14.
Rxa6 Rxa6 15. Bxa6 Be7 16. Bb5+ Bd7 17. Ncd5 Nxd5 18.
Nxd5 Qe6 19. Nc7+ 1-0

[Event "*** SCC Grand Prix: Titled Tuesday Blitz"]
[Site "Chess.com"]
[Date "2020.08.25"]
[Round "9"]
[White "Keithonsky"]
[Black "TokChess"]
[Result "1-0"]
[WhiteElo "2550"]
[BlackElo "2425"]
[TimeControl "180+1"]
[EndTime "11:43:29 PDT"]
[Termination "Keithonsky won by resignation"]

1. d4 Nf6 2. c4 g6 3. Nc3 d5 4. Bg5 Ne4 5. Bf4 Nxc3 6. bxc3 c5 7. e3 Bg7 8. Nf3 Nc6 9. cxd5 Qxd5 10. Be2 cxd4 11.
cxd4 O-O 12. O-O b6 13. Qa4 Bb7 14. Rac1 Rfc8 15. h3 Qe4 16. Ng5 Nxd4 17. Rxc8+ Rxc8 18. Nxe4 Nxe2+ 19. Kh2 Nxf4 20. exf4 b5 21. Qb4 a5 22.
Qxe7 1-0

[Event "*** SCC Grand Prix: Titled Tuesday Blitz"]
[Site "Chess.com"]
[Date "2020.08.25"]
[Round "9"]
[White "chessfrendz"]
[Black "Annagozel"]
[Result "1-0"]
[WhiteElo "2214"]
[BlackElo "1847"]
[TimeControl "180+1"]
[EndTime "11:43:30 PDT"]
[Termination "chessfrendz won by resignation"]

1. e4 c6 2. d4 d5 3. Nc3 dxe4 4. Nxe4 Bf5 5. Ng3 Bg6 6. h4 h6 7. h5 Bh7 8. Nf3 Nd7 9. Bc4 Ngf6 10. c3 e6 11. Bf4 Be7 12. Ne5 Nxe5 13. dxe5 Nd7 14.
Qg4 Rg8 15. O-O-O Qb6 16. Rxd7 Kxd7 17. Rd1+ Kc7 18. Bxe6 fxe6 19. Qxe6 Ba3 20. Qd7+ Kb8 21. e6+ 1-0

[Event "*** SCC Grand Prix: Titled Tuesday Blitz"]
[Site "Chess.com"]
[Date "2020.08.25"]
[Round "9"]
[White "RobPeresian"]
[Black "abfchess"]
[Result "1-0"]
[WhiteElo "2382"]
[BlackElo "2167"]
[TimeControl "180+1"]
[EndTime "11:43:31 PDT"]
[Termination "RobPeresian won by resignation"]

1. Nf3 d5 2. d4 c6 3. c4 e6 4. Nc3 dxc4 5. g3 b5 6. Bg2 Bb7 7. O-O Nd7 8. a4 a6 9. Ng5 Be7 10. f4 h6 11. Nge4 Qc8 12. f5 exf5 13. Rxf5 Ngf6 14.
Bh3 Nxe4 15. Nxe4 Nf6 16. Nxf6+ Bxf6 17. Re5+ Bxe5 18. Bxc8 Bxd4+ 19. Qxd4 Rxc8 20. Qxg7 Rf8 21. Bxh6 1-0

[Event "*** SCC Grand Prix: Titled Tuesday Blitz"]
[Site "Chess.com"]
[Date "2020.08.25"]
[Round "9"]
[White "MarcoRiehle"]
[Black "Xeniya2005"]
[Result "1-0"]
[WhiteElo "2735"]
[BlackElo "2390"]
[TimeControl "180+1"]
[EndTime "11:43:44 PDT"]
[Termination "MarcoRiehle won by resignation"]

1. e4 e6 2. c4 d5 3. cxd5 exd5 4. Qb3 dxe4 5. Bc4 Qe7 6. Nc3 c6 7. d4 Nf6 8. Bg5 Bf5 9. O-O-O h6 10. Bxf6 Qxf6 11. Qxb7 Bd6 12. Qxa8 O-O 13. Qxa7 Qg5+ 14.
Kb1 e3+ 15. Ka1 exf2 16. Nge2 Qxg2 17. d5 c5 18. Qb6 Be5 19. Qxc5 Nd7 20. Qe3 Bxh2 21.
Rhf1 1-0

[Event "*** SCC Grand Prix: Titled Tuesday Blitz"]
[Site "Chess.com"]
[Date "2020.08.25"]
[Round "9"]
[White "ljuks68"]
[Black "The_Chess_Coach"]
[Result "0-1"]
[WhiteElo "2431"]
[BlackElo "2239"]
[TimeControl "180+1"]
[EndTime "11:43:55 PDT"]
[Termination "The_Chess_Coach won by resignation"]

1. e4 e6 2. d4 d5 3. Nc3 Nf6 4. Bg5 Bb4 5. e5 h6 6. Bd2 Bxc3 7. bxc3 Ne4 8. Qg4 Kf8 9. Bd3 Nxd2 10. Kxd2 c5 11. Nf3 Nc6 12. Rhb1 c4 13. Be2 Rb8 14. Nh4 Qg5+ 15. f4 Qxg4 16. Bxg4 g6 17. Bf3 g5 18.
Nf5 exf5 19. Bxd5 Na5 20. Rb5 b6 21. Rab1 Nb7 22. Bxc4 Bd7 23. R5b2 Na5 24. Bd5 Be6 25. Rb5 Nc4+ 26. Kd3 Na3 0-1

[Event "*** SCC Grand Prix: Titled Tuesday Blitz"]
[Site "Chess.com"]
[Date "2020.08.25"]
[Round "9"]
[White "Angel_Hranitel_37"]
[Black "KatarinaOstojic"]
[Result "0-1"]
[WhiteElo "2443"]
[BlackElo "2321"]
[TimeControl "180+1"]
[EndTime "11:43:58 PDT"]
[Termination "KatarinaOstojic won by checkmate"]

1. d4 f5 2. g3 Nf6 3. Bg2 g6 4. Nf3 Bg7 5. O-O O-O 6. c4 d6 7. Nc3 Qe8 8. Re1 Qf7 9. e4 fxe4 10. Ng5 Qxc4 11. Ngxe4 Nxe4 12. Rxe4 Qf7 13. Rf4 Qe8 14. Qb3+ e6 15. Bxb7 Bxb7 16. Qxb7 Rxf4 17. Bxf4 Qc6 18.
Qc8+ Kf7 19. Re1 Nd7 20. d5 exd5 21. Qxa8 Qxa8 22. Bg5 Bf6 23. Bh6 Qc6 24. Rc1 d4 25.
Ne2 Qe4 26. Nf4 c5 27. b4 d3 28. bxc5 dxc5 29. Rd1 c4 30. Kf1 Qh1# 0-1

[Event "*** SCC Grand Prix: Titled Tuesday Blitz"]
[Site "Chess.com"]
[Date "2020.08.25"]
[Round "9"]
[White "Manukyan_Artak"]
[Black "zmarian"]
[Result "0-1"]
[WhiteElo "2316"]
[BlackElo "2196"]
[TimeControl "180+1"]
[EndTime "11:44:11 PDT"]
[Termination "zmarian won by resignation"]

1. e4 g6 2. d4 Bg7 3. c4 c5 4. d5 d6 5. Nc3 e5 6. h4 h5 7.
Bg5 Bf6 8. Nf3 Bg4 9. Qd2 Bxf3 10. gxf3 Bxg5 11. hxg5 Ne7 12. f4 exf4 13. Qxf4 Nc8 14. O-O-O Nd7 15. Qd2 a6 16. f4 Qc7 17. Bh3 Ncb6 18.
b3 O-O 19. f5 Ne5 20. fxg6 fxg6 21. Be6+ Kg7 22. Rdf1 Rxf1+ 23. Rxf1 Qe7 24. a4 Rf8 25. Rxf8 Qxf8 26. a5 Qf1+ 27. Kb2 Nbxc4+ 0-1

[Event "*** SCC Grand Prix: Titled Tuesday Blitz"]
[Site "Chess.com"]
[Date "2020.08.25"]
[Round "9"]
[White "ExtremeLearner"]
[Black "FMJoseHerrera"]
[Result "0-1"]
[WhiteElo "2391"]
[BlackElo "2505"]
[TimeControl "180+1"]
[EndTime "11:44:16 PDT"]
[Termination "FMJoseHerrera won by resignation"]

1. d4 Nf6 2. Nf3 c5 3. d5 g6 4. Nc3 Bg7 5. e4 O-O 6. Bc4 b5 7. Bxb5 Nxe4 8. Nxe4 Qa5+ 9. Nc3 Bxc3+ 10. bxc3 Qxb5 11. Bh6 Re8 12. Rb1 Qa6 13. Qd3 d6 14. O-O Bf5 15. Qd2 Qxa2 16. Rfc1 Nd7 17. Qg5 Qxd5 18.
Qh4 Nf6 19. Rd1 Qe4 20. Qg3 Qg4 21. Rb7 Qxg3 22. hxg3 Bxc2 23. Ra1 a5 24. Bd2 a4 25. c4 Ne4 26. Bc3 Nxc3 0-1

[Event "*** SCC Grand Prix: Titled Tuesday Blitz"]
[Site "Chess.com"]
[Date "2020.08.25"]
[Round "9"]
[White "Playgood28"]
[Black "lucachess49"]
[Result "1-0"]
[WhiteElo "2354"]
[BlackElo "2451"]
[TimeControl "180+1"]
[EndTime "11:44:19 PDT"]
[Termination "Playgood28 won by resignation"]

1. d4 Nf6 2. c4 e6 3. Nc3 Bb4 4. Qc2 O-O 5. a3 Bxc3+ 6. Qxc3 b6 7. e3 Bb7 8. Nf3 d6 9. Be2 Nbd7 10. b4 Ne4 11. Qc2 f5 12. O-O Qf6 13. Bb2 Qh6 14. Nd2 Ndf6 15. Nxe4 Nxe4 16. Qd3 g5 17. f3 Nf6 18. d5 e5 19. Qxf5 Nxd5 20. Qd3 Nf6 21. c5 bxc5 22. bxc5 Rad8 23. Rad1 e4 24. Qb3+ Bd5 25.
Rxd5 Nxd5 26. Qxd5+ Rf7 27. fxe4 Rf8 28. Bc4 1-0

[Event "*** SCC Grand Prix: Titled Tuesday Blitz"]
[Site "Chess.com"]
[Date "2020.08.25"]
[Round "9"]
[White "Phenix2k"]
[Black "attack2mateU"]
[Result "1-0"]
[WhiteElo "2184"]
[BlackElo "2706"]
[TimeControl "180+1"]
[EndTime "11:44:29 PDT"]
[Termination "Phenix2k won by resignation"]

1. d4 Nf6 2. c4 g6 3. Nc3 d5 4. cxd5 Nxd5 5. e4 Nxc3 6. bxc3 Bg7 7. Be3 c5 8. Nf3 Qa5 9. Qd2 O-O 10. Rc1 Rd8 11. d5 e6 12. Bg5 f6 13. Be3 Nc6 14. Bc4 b5 15. Be2 exd5 16. exd5 Be6 17. c4 Nb4 18. Bxc5 Bh6 19. Qxb4 Qxb4+ 20. Bxb4 Bxc1 21.
dxe6 a5 22. e7 Rd7 23. Bc5 b4 24. O-O Bb2 25. Rd1 Rxd1+ 26. Bxd1 Kf7 27. Ba4 1-0

[Event "*** SCC Grand Prix: Titled Tuesday Blitz"]
[Site "Chess.com"]
[Date "2020.08.25"]
[Round "9"]
[White "JoliyRoger"]
[Black "ChessyInstinct"]
[Result "0-1"]
[WhiteElo "2365"]
[BlackElo "2489"]
[TimeControl "180+1"]
[EndTime "11:44:35 PDT"]
[Termination "ChessyInstinct won by checkmate"]

1. Nf3 d5 2. c4 c6 3. e3 Nf6 4. b3 e6 5. Bb2 Nbd7 6. d4 Bd6 7. Nbd2 b6 8. Bd3 Bb7 9. Qc2 c5 10. O-O O-O 11. Ne5 Rc8 12. f4 dxc4 13. bxc4 b5 14. Rae1 bxc4 15. Ndxc4 cxd4 16. exd4 Bb4 17. Re2 Bd5 18. f5 Nxe5 19. dxe5 Ng4 20. fxe6 Bc5+ 21. Kh1 Qh4 22. exf7+ Rxf7 23. Bxh7+ Kh8 24. h3 Qxh3# 0-1

[Event "*** SCC Grand Prix: Titled Tuesday Blitz"]
[Site "Chess.com"]
[Date "2020.08.25"]
[Round "9"]
[White "ShadowJolteon"]
[Black "Grootneus"]
[Result "1-0"]
[WhiteElo "2426"]
[BlackElo "2175"]
[TimeControl "180+1"]
[EndTime "11:44:46 PDT"]
[Termination "ShadowJolteon won by resignation"]

1. d4 Nf6 2. c4 c5 3. Nf3 cxd4 4. Nxd4 e5 5. Nb5 d5 6. cxd5 Bc5 7. N5c3 O-O 8. g3 Qb6 9. e3 Bf5 10. Bg2 e4 11. Nd2 Re8 12. O-O Nbd7 13. b3 Bb4 14.
Nc4 Qa6 15. Bb2 b5 16. Nd2 Bxc3 17. Bxc3 Nxd5 18. Bd4 Rac8 19. Qh5 Qg6 20. Qe2 a6 21. Rfc1 Ne5 22. Rxc8 Bxc8 23. Bxe4 Qd6 24. Rc1 Nc6 25. Qh5 f5 26. Qxe8+ 1-0

[Event "*** SCC Grand Prix: Titled Tuesday Blitz"]
[Site "Chess.com"]
[Date "2020.08.25"]
[Round "9"]
[White "MoreChessJulia"]
[Black "Anton_Zhukov04"]
[Result "0-1"]
[WhiteElo "1901"]
[BlackElo "2226"]
[TimeControl "180+1"]
[EndTime "11:44:49 PDT"]
[Termination "Anton_Zhukov04 won by resignation"]

1. d4 Nf6 2. c4 e6 3. Nf3 Bb4+ 4. Bd2 c5 5. g3 Qb6 6. a3 Bxd2+ 7. Qxd2 Nc6 8. d5 exd5 9. cxd5 Ne7 10. Nc3 d6 11.
Bg2 O-O 12. O-O Ng6 13. h3 a6 14. Ne1 Re8 15. Nd3 Qc7 16. e4 b5 17. Rae1 c4 18. Nb4 a5 19. Nc6 Ba6 20. f4 b4 21. axb4 axb4 22.
Nxb4 Qb6+ 23. Kh2 Qxb4 24. e5 dxe5 25. f5 Nf8 26. g4 e4 27. g5 Qd6+ 28. Kh1 Nh5 29.
Nxe4 Rxe4 30. Rxe4 Ng3+ 31. Kg1 Nxe4 32. Bxe4 c3 33.
b3 cxd2 0-1

[Event "*** SCC Grand Prix: Titled Tuesday Blitz"]
[Site "Chess.com"]
[Date "2020.08.25"]
[Round "9"]
[White "Alexander_Moskalenko"]
[Black "RobertoJBM"]
[Result "1-0"]
[WhiteElo "2780"]
[BlackElo "2645"]
[TimeControl "180+1"]
[EndTime "11:44:51 PDT"]
[Termination "Alexander_Moskalenko won on time"]

1. c4 c6 2. Nc3 d5 3. e3 Nf6 4. d4 a6 5. Nf3 Bf5 6. Qb3 b5 7. cxd5 cxd5 8. a4 b4 9. Qxb4 Nc6 10. Qc5 Qd7 11. Ne5 Nxe5 12. dxe5 e6 13. Qb6 Ng4 14.
Bxa6 Bc5 15. Qxc5 Rxa6 16. Nb5 Rc6 17. Nd6+ Kd8 18. Nxf7+ Ke8 19. Nd6+ Kd8 20. Qa5+ Ke7 21. Qb4 Kd8 22. Qb8+ 1-0

[Event "*** SCC Grand Prix: Titled Tuesday Blitz"]
[Site "Chess.com"]
[Date "2020.08.25"]
[Round "9"]
[White "abykhovsky"]
[Black "BeanScreen"]
[Result "1-0"]
[WhiteElo "2785"]
[BlackElo "2698"]
[TimeControl "180+1"]
[EndTime "11:44:55 PDT"]
[Termination "abykhovsky won by checkmate"]

1. d4 d5 2. Nf3 Nf6 3. c4 dxc4 4. e3 a6 5. Bxc4 e6 6. O-O c5 7. Bb3 Nc6 8. Qe2 Qc7 9. Nc3 Be7 10. Bd2 cxd4 11.
exd4 O-O 12. Rac1 Bd7 13. Rfd1 Rfd8 14. d5 exd5 15. Nxd5 Nxd5 16. Bxd5 Bf6 17. Bg5 Bxg5 18. Nxg5 Rf8 19. Qh5 Bf5 20. Nxf7 g6 21. Nh6+ Kg7 22.
Qh4 Qe5 23. Bxc6 bxc6 24. Nxf5+ Qxf5 25. Rxc6 Rad8 26. Rc7+ Kg8 27. Qxh7# 1-0

[Event "*** SCC Grand Prix: Titled Tuesday Blitz"]
[Site "Chess.com"]
[Date "2020.08.25"]
[Round "9"]
[White "snowlord"]
[Black "MomchilPetkov"]
[Result "1-0"]
[WhiteElo "2797"]
[BlackElo "2554"]
[TimeControl "180+1"]
[EndTime "11:44:59 PDT"]
[Termination "snowlord won by resignation"]

1. d4 Nf6 2. Nc3 d5 3. Bf4 a6 4. e3 e6 5. g4 c5 6. g5 Nfd7 7. Nf3 Nc6 8. h4 Be7 9. h5 b5 10. a3 Bb7 11. Ne2 Nb6 12. Ng3 Nc4 13. Bxc4 dxc4 14.
c3 Na5 15. Qe2 cxd4 16. cxd4 Nb3 17. Rd1 Qa5+ 18. Kf1 O-O-O 19. Ne5 Rhf8 20. g6 fxg6 21. hxg6 h6 22. Rh5 Nxd4 23. Qg4 Nf5 24. Rxd8+ Qxd8 25. Nxf5 Rxf5 26. Rxf5 Qd2 27. Rf8+ Bxf8 28. Qxe6+ Kb8 29.
Nxc4+ 1-0